 Dungeon Crawl Stone Soup version 0.21.0-22-g11d5b52 (webtiles) character file.

12319 tilp the Destroyer (level 11, -11/94 HPs)
             Began as a Green Draconian Conjurer on Jan 18, 2018.
             Was an Elder of Vehumet.
             Mangled by an eight-headed hydra (13 damage)
             ... on level 1 of the Lair of Beasts.
             The game lasted 00:42:37 (16999 turns).

tilp the Destroyer (Green Draconian Conjurer)      Turns: 16999, Time: 00:42:38

Health: -11/94     AC: 13    Str: 10    XL:     11   Next: 60%
Magic:  6/23       EV: 14    Int: 21    God:    Vehumet [****..]
Gold:   450        SH:  0    Dex: 13    Spells: 10/26 levels left

rFire    + . .     SeeInvis .   l - +5 dagger
rCold    x . .     Gourm    .   (no shield)
rNeg     . . .     Faith    .   (armour unavailable)
rPois    +         Spirit   .   (helmet restricted)
rElec    .         Reflect  .   (no cloak)
rCorr    .         Harm     .   T - +2 pair of gloves
MR       .....                  w - +2 pair of boots
Stlth    ++........             (no amulet)
HPRegen  0.25/turn              Z - ring of fire
MPRegen  0.18/turn              U - +3 ring of intelligence

@: short of breath
A: breathe noxious fumes, unfitting armour, poison resistance, cold-blooded, AC
+7
a: Breathe Noxious Fumes, Renounce Religion


You were on level 1 of the Lair of Beasts.
You worshipped Vehumet.
Vehumet was greatly pleased with you.
You were near starving.

You visited 4 branches of the dungeon, and saw 15 of its levels.
You also visited: Bailey.

You collected 697 gold pieces.
You spent 247 gold pieces at shops.

Inventory:

Hand Weapons
 i - a +5 quarterstaff
 l - a +5 dagger (weapon)
 F - a +2 war axe of chopping
 H - a cursed -3 long sword
 M - a +0 morningstar
 Q - a +0 hand axe of electrocution
 R - a +0 dire flail
 W - a +2 halberd of flaming
Missiles
 c - 242 stones (quivered)
 y - 16 sling bullets
 O - 13 tomahawks
 V - 3 poisoned tomahawks
Armour
 w - a +2 pair of boots (worn)
 T - a +2 pair of gloves (worn)
Jewellery
 r - an uncursed ring of protection from cold
 C - an uncursed ring of flight
 U - a +3 ring of intelligence (right hand)
 Z - a ring of fire (left hand)
Wands
 g - a wand of scattershot (6)
 t - a wand of enslavement (13)
 B - a wand of disintegration (11)
 D - a wand of flame (19)
 G - a wand of acid (7)
 K - a wand of digging (16)
Scrolls
 e - 6 scrolls of teleportation
 f - 2 scrolls of enchant weapon
 j - a scroll of remove curse
 n - 3 scrolls of magic mapping
 o - 4 scrolls of fog
 s - 2 scrolls of amnesia {unknown}
 x - a scroll of enchant armour
 A - a scroll of immolation {unknown}
 S - a scroll of brand weapon {unknown}
Potions
 d - 7 potions of lignification
 h - 2 potions of heal wounds
 k - a potion of berserk rage {unknown}
 m - a potion of ambrosia {unknown}
 p - a potion of might {unknown}
 u - 4 potions of curing
 v - 2 potions of flight
 z - 2 potions of haste
 E - a potion of agility {unknown}
 L - a potion of cancellation {unknown}
 N - a potion of magic {unknown}
Books
 a - a book of Conjurations

   Spells                             Type                      Level
   a - Magic Dart                     Conjuration                  1
   b - Searing Ray                    Conjuration                  2
   c - Dazzling Spray                 Conjuration/Hexes            3
   d - Fulminant Prism                Conjuration/Hexes            4
   e - Force Lance                    Conjuration/Translocation    4
   f - Iskenderun's Mystic Blast      Conjuration                  4
 I - a book of Necromancy

   Spells                             Type                      Level
   a - Pain                           Necromancy                   1
   b - Animate Skeleton               Necromancy                   1
   c - Vampiric Draining              Necromancy                   3
   d - Regeneration                   Charms/Necromancy            3
   e - Animate Dead                   Necromancy                   4
   f - Borgnjor's Vile Clutch         Necromancy/Earth             5
Comestibles
 b - 15 rations


   Skills:
 * Level 8.0 Fighting
 - Level 4.4 Short Blades
 - Level 4.0 Dodging
 - Level 4.0 Stealth
 + Level 8.2 Spellcasting
 - Level 12.3 Conjurations
 + Level 3.0 Fire Magic
 - Level 4.0 Evocations


You had 10 spell levels left.
You knew the following spells:

 Your Spells              Type           Power        Failure   Level  Hunger
a - Magic Dart            Conj           ####         1%          1    None
b - Searing Ray           Conj           ######       1%          2    None
c - Flame Tongue          Conj/Fire      #####        1%          1    None
d - Iskenderun's Mystic   Conj           ######..     1%          4    ###....
e - Conjure Flame         Conj/Fire      ######..     1%          3    None
f - Fireball              Conj/Fire      ######....   2%          5    #####..


Dungeon Overview and Level Annotations

Branches:
Dungeon (12/15)            Temple (1/1) D:5            Lair (1/6) D:10
    Orc (1/2) D:9

Altars:
Ashenzari
Cheibriados
Dithmenos
Elyvilon
Fedhas
Gozag
Hepliaklqana
Kikubaaqudgha
Makhleb
Nemelex Xobeh
Okawaru
Qazlal
Ru
Sif Muna
Trog
Uskayaw
Vehumet
Wu Jian
Xom
Yredelemnul
Zin
The Shining One

Shops:
D:8 [   D:10 *

Annotations:
Orc:1 warlord near stairs


Innate Abilities, Weirdness & Mutations

You can breathe blasts of noxious fumes.
Your lurid green scales are hard. (AC +7)
You cannot fit into any form of body armour.
Your system is resistant to poisons. (rPois)
You are cold-blooded and may be slowed by cold attacks.


Message History

The eight-headed hydra barely misses you.
The eight-headed hydra bites you but does no damage.
The eight-headed hydra bites you! The eight-headed hydra bites you.
The eight-headed hydra bites you but does no damage.
Casting: Fireball
Confirm with . or Enter, or press ? or * to list all spells.
Aiming: Fireball
Press: ? - help, Shift-Dir - straight line You feel a surge of power!
The fireball explodes!
The fireball engulfs the eight-headed hydra.
The eight-headed hydra is almost dead.
The eight-headed hydra bites you! x3
* * * LOW HITPOINT WARNING * * *
The eight-headed hydra bites you!
* * * LOW HITPOINT WARNING * * *
The eight-headed hydra bites you!
* * * LOW HITPOINT WARNING * * *
The eight-headed hydra bites you but does no damage.
The eight-headed hydra bites you!
You die...

#..# #..# ### ####...
#.>####P####### .......
#..........)..# .......
#.............# .......
#......)......# .......
###...........##.......
#...##...............
#..####...#..@.......
....# #....###D......
....... #...## §......
###...# #...# §......
##.. #.... .§.....
....... .§.....
###...... .......
###...##....... #...#


You could see an eight-headed hydra.

Vanquished Creatures
  A hydra (D:8)
  A two-headed ogre (D:11)
  Pikel (D:7)
  A centaur skeleton (D:10)
  Prince Ribbit (D:7)
  Grinder (D:5)
  2 dream sheep (D:8)
  4 hippogriffs
  A wraith (D:10)
  8 yaks
  A wyvern (D:10)
  A hungry ghost (D:11)
  2 vampire mosquitoes
  A warg (D:9)
  A water moccasin (D:8)
  2 hell hounds
  3 ice beasts
  12 orc warriors
  2 sky beasts (D:10)
  3 slaves (D:7)
  A black bear (D:8)
  9 ogres
  3 phantoms
  6 centaurs
  4 big kobolds
  5 bullfrogs
  A wyvern skeleton (D:11)
  A water moccasin skeleton (D:6)
  21 killer bees
  2 scorpions
  5 wights (D:11)
  An electric eel (Lair:1)
  2 crimson imps
  2 quasits
  2 hounds
  9 orc wizards
  11 orc priests
  A bullfrog skeleton (D:10)
  2 iguanas
  8 worker ants
  A hound zombie (D:5)
  A hound skeleton (D:11)
  A howler monkey zombie (D:6)
  6 gnolls
  7 adders
  3 shadow imps
  2 adder skeletons
  2 worms (D:4)
  4 dart slugs
  2 leopard geckos
  75 orcs
  A ball python (D:8)
  5 giant cockroaches
  10 goblins
  7 hobgoblins
  12 jackals
  5 quokkas
  8 bats
  2 frilled lizards
  A jackal skeleton (D:4)
  A jackal zombie (D:8)
  12 kobolds
  A quokka skeleton (D:6)
  A quokka zombie (D:5)
  6 rats
321 creatures vanquished.

Vanquished Creatures (others)
  A killer bee (D:8)
  A kobold (D:11)
  2 plants (D:8)
4 creatures vanquished.

Grand Total: 325 creatures vanquished

Notes
Turn   | Place    | Note
-------+----------+-------------------------------------------
     0 | D:1      | tilp the Draconian Conjurer began the quest for the Orb.
     0 | D:1      | Reached XP level 1. HP: 14/14 MP: 3/3
   490 | D:1      | Reached XP level 2. HP: 13/20 MP: 5/5
  1184 | D:1      | Reached skill level 5 in Conjurations
  1217 | D:1      | Reached XP level 3. HP: 25/26 MP: 6/6
  1498 | D:2      | Learned a level 2 spell: Searing Ray
  2024 | D:3      | Reached XP level 4. HP: 28/33 MP: 7/7
  2485 | D:4      | Reached skill level 6 in Conjurations
  2559 | D:4      | Noticed an ogre
  2568 | D:4      | Killed an ogre
  2568 | D:4      | Reached XP level 5. HP: 27/38 MP: 2/8
  2905 | D:4      | Reached skill level 7 in Conjurations
  3237 | D:4      | Noticed an ogre
  3247 | D:4      | Killed an ogre
  3247 | D:4      | Reached XP level 6. HP: 45/45 MP: 3/9
  3355 | D:4      | Found a sacrificial altar of Ru.
  3477 | D:4      | Reached skill level 8 in Conjurations
  3575 | D:4      | Found a white marble altar of Elyvilon.
  3812 | D:5      | Entered Level 5 of the Dungeon
  3863 | D:5      | Found a staircase to the Ecumenical Temple.
  3868 | Temple   | Entered the Ecumenical Temple
  4083 | Temple   | Became a worshipper of Vehumet
  4308 | D:5      | Noticed Grinder
  4321 | D:5      | Paralysed by Grinder for 5 turns
  4329 | D:5      | Killed Grinder
  4329 | D:5      | Your scales start taking on a lurid green colour.
  4329 | D:5      | Reached XP level 7. HP: 20/56 MP: 4/10
  4329 | D:5      | Gained mutation: Your system is resistant to poisons. (rPois) [Green Draconian growth]
  5337 | D:6      | Reached XP level 8. HP: 66/66 MP: 6/12
  5498 | D:6      | Found a deep blue altar of Sif Muna.
  6496 | D:7      | Reached * piety under Vehumet
  6496 | D:7      | Offered knowledge of Flame Tongue by Vehumet.
  6511 | D:7      | Reached skill level 5 in Fighting
  6611 | D:7      | Learned a level 1 spell: Flame Tongue
  6917 | D:7      | Noticed Prince Ribbit
  7298 | D:7      | Reached skill level 1 in Evocations
  7559 | D:7      | Noticed Pikel
  7581 | D:7      | Killed Pikel
  7581 | D:7      | Reached skill level 9 in Conjurations
  7581 | D:7      | Reached XP level 9. HP: 19/75 MP: 8/15
  7868 | D:7      | Killed Prince Ribbit
  8060 | D:7      | Learned a level 4 spell: Iskenderun's Mystic Blast
  8434 | D:8      | Reached skill level 10 in Conjurations
  8624 | D:8      | You fall through a shaft!
  8673 | D:9      | Reached skill level 1 in Short Blades
  8685 | D:9      | Reached ** piety under Vehumet
  8910 | D:9      | Offered knowledge of Throw Frost by Vehumet.
  9013 | D:9      | Found a staircase to the Orcish Mines.
  9088 | D:9      | Found a flagged portal.
  9212 | Bailey   | Entered a bailey
  9313 | D:8      | Found Nopyv's Antique Armour Shoppe.
  9317 | D:8      | Bought a pair of glowing gloves for 247 gold pieces
  9328 | D:8      | Found an ornate altar of the Wu Jian Council.
  9460 | D:8      | Offered knowledge of Inner Flame by Vehumet.
  9587 | D:8      | Reached XP level 10. HP: 70/83 MP: 7/17
  9772 | D:8      | Found an opulent altar of Gozag.
  9773 | D:8      | Found a shimmering altar of Xom.
  9803 | D:8      | Reached skill level 5 in Spellcasting
 10030 | D:8      | Noticed a three-headed hydra
 10047 | D:8      | Killed a three-headed hydra
 10281 | D:8      | Reached skill level 11 in Conjurations
 10386 | D:8      | Reached *** piety under Vehumet
 11129 | D:9      | Offered knowledge of Conjure Flame by Vehumet.
 11644 | D:9      | Found a burning altar of Makhleb.
 11644 | D:9      | Found a stormy altar of Qazlal.
 11680 | D:10     | Entered Level 10 of the Dungeon
 11821 | D:10     | Found Kemasas's Changing Room.
 11908 | D:10     | Learned a level 3 spell: Conjure Flame
 12528 | D:10     | Found a staircase to the Lair.
 13081 | D:10     | Reached **** piety under Vehumet
 13081 | D:10     | Reached XP level 11. HP: 89/89 MP: 19/22
 13514 | D:10     | Offered knowledge of Fireball by Vehumet.
 13529 | D:10     | Learned a level 5 spell: Fireball
 13748 | D:9      | You fall through a shaft for 3 floors!
 13765 | D:11     | Reached skill level 12 in Conjurations
 13819 | D:11     | Noticed a two-headed ogre
 13831 | D:11     | Killed a two-headed ogre
 14193 | D:11     | Reached skill level 1 in Fire Magic
 14826 | D:10     | Reached ***** piety under Vehumet
 15385 | Orc:1    | Entered Level 1 of the Orcish Mines
 15404 | D:9      | Offered knowledge of Yara's Violent Unravelling by Vehumet.
 16526 | Orc:1    | Noticed an orc warlord
 16528 | Orc:1    | Noticed an orc sorcerer
 16529 | Orc:1    | Noticed a sixfirhy
 16882 | Lair:1   | Entered Level 1 of the Lair of Beasts
 16994 | Lair:1   | Noticed an eight-headed hydra
 16999 | Lair:1   | HP: 2/94 [eight-headed hydra (11)]
 16999 | Lair:1   | Mangled by an eight-headed hydra

Skill      XL: |  1  2  3  4  5  6  7  8  9 10 11 |
---------------+----------------------------------+-----
Conjurations   | 5 6 7 8 9 10 11 12 | 12.3
Fighting       | 2 3 6 8 |  8.0
Dodging        | 2 4 |  4.0
Stealth        | 2 3 4 |  4.0
Spellcasting   | 3 4 7 8 |  8.2
Evocations     | 2 4 |  4.0
Short Blades   | 2 4 |  4.4
Fire Magic     | 3 |  3.0

Action                   |  1- 3 |  4- 6 |  7- 9 | 10-12 || total
-------------------------+-------+-------+-------+-------++-------
Melee: Whip              |    10 |       |       |       ||    10
       Unarmed           |     1 |       |       |       ||     1
       Dagger            |    91 |    40 |   307 |   352 ||   790
       Tailslap          |     2 |     2 |    29 |    45 ||    78
 Cast: Magic Dart        |    22 |     9 |    31 |    24 ||    86
       Searing Ray       |       |    12 |    50 |    80 ||   142
       Iskenderun's Myst |       |       |       |     1 ||     1
       Fireball          |       |       |       |     3 ||     3
 Abil: Breathe Noxious F |       |       |    12 |     8 ||    20
  Use: Scroll            |       |       |     3 |    13 ||    16
       Potion            |       |       |       |     3 ||     3
 Stab: Sleeping          |     4 |       |     1 |     2 ||     7
       Confused          |       |       |     3 |     1 ||     4
  Eat: Chunk             |     4 |     7 |    18 |    16 ||    45
       Ration            |       |       |     1 |     3 ||     4
Armor: Skin              |    27 |    11 |    77 |   192 ||   307
Dodge: Dodged            |    62 |    28 |   251 |   378 ||   719
